Map: [ESL] Waterfall

Players

Ryung - Winner!

  • Race: Terran Terran
  • Spawn Location: 1:00

LiquidElazer (Elazer)

  • Race: Zerg Zerg
  • Spawn Location: 7:00

Event: HomeStory Cup XXI

VOD

Have the link to the VOD?

Description

Time

  • Played on: July 23, 2022, 6:20 a.m.
  • Length: 23:43

All games in this series

Show
View Real Time Build Order
Export as new Build Order

Ryung Terran - Winner!

Build Orders: Reaper Expand, Hellion Banshee 

Get SALT Encoding   

  12  0:00  SCV  
  13  0:12  SCV  
  14  0:17  Supply Depot  
  14  0:24  SCV  
  15  0:38  SCV  
  15  0:40  Barracks  
  16  0:43  Refinery  
  16  0:50  SCV  
  17  1:02  SCV  
  18  1:15  SCV  
  19  1:26  Reaper  
  19  1:27  Orbital Command  
  20  1:40  Command Center  
  20  1:48  Supply Depot  
  20  1:53  SCV  
  21  1:58  Marine  
  22  2:05  SCV  
  23  2:08  Factory  
  23  2:15  Refinery  
  23  2:17  SCV  
  23  2:19  Barracks Reactor  
  24  2:29  SCV  
  25  2:41  SCV  
  26  2:52  Orbital Command  
  26  2:53  Starport  
  26  2:55  SCV  
  27  3:01  Hellion x2  
  31  3:07  SCV  
  31  3:11  Barracks Tech Lab  
  32  3:17  Supply Depot  
  32  3:18  SCV  
  32  3:19  SCV  
  34  3:22  Hellion  
  34  3:23  Hellion  
  38  3:30  SCV  
  38  3:31  SCV  
  40  3:36  Banshee  
  40  3:37  Cloaking Field  
  40  3:39  Marine  
  44  3:43  SCV  
  44  3:44  SCV  
  46  3:55  SCV  
  47  3:56  SCV  
  47  4:00  Command Center  
  48  4:03  Barracks Tech Lab  
  48  4:08  SCV  
  48  4:09  SCV, Supply Depot  
  50  4:19  Banshee  
  50  4:22  Marine  
  50  4:23  Stimpack  
  54  4:30  SCV x2  
  54  4:31  Hellion x2  
  60  4:32  Supply Depot  
  60  4:40  Marine  
  60  4:43  SCV  
  62  4:47  Supply Depot  
  62  4:54  SCV  
  62  4:57  Factory Reactor  
  62  4:58  Barracks  
  62  4:59  Barracks  
  64  5:00  SCV  
  64  5:01  Marine  
  64  5:06  Engineering Bay, SCV  
  66  5:07  Engineering Bay  
  66  5:11  Starport Reactor  
  66  5:12  Orbital Command  
  66  5:13  Refinery  
  66  5:14  SCV  
  67  5:31  SCV x2  
  69  5:36  Terran Infantry Weapons Level 1  
  69  5:37  Barracks, Terran Infantry Armor Level 1  
  69  5:39  Barracks  
  69  5:48  SCV  
  69  5:49  Orbital Command, SCV  
  71  5:54  Marine x3  
  74  5:57  Marine x2  
  74  5:58  Siege Tank  
  74  5:59  Medivac  
  74  6:00  Supply Depot  
  74  6:01  Supply Depot  
  81  6:04  Refinery, Medivac  
  81  6:08  SCV x2  
  85  6:12  Marine  
  85  6:15  SCV  
  85  6:17  Marine x4  
  91  6:20  SCV x2, Combat Shield  
  93  6:32  SCV x3  
  96  6:34  Siege Tank  
  96  6:36  Marine  
  96  6:37  Marine x2  
  96  6:38  Marine  
  105  6:45  SCV x2  
  107  6:48  SCV, Supply Depot x2  
  107  6:51  Armory, Barracks Reactor  
  106  6:55  Supply Depot  
  106  6:59  Medivac  
  108  7:02  SCV  
  108  7:08  SCV  
  109  7:09  SCV  
  109  7:13  Marine  
  109  7:14  Marine x2  
  109  7:15  Marine  
  100  7:21  Barracks Reactor  
  100  7:22  SCV x3  
  99  7:23  Siege Tank, Marine  
  99  7:29  Refinery  
  103  7:31  Marine, Command Center  
  103  7:32  Marine  
  103  7:33  Marine x4  
  103  7:34  SCV x3  
  112  7:41  Marine  
  113  7:45  Refinery, Terran Infantry Weapons Level 2  
  113  7:49  Terran Infantry Armor Level 2, Marine  
  113  7:50  Marine  
  115  7:52  Marine x2  
  115  7:54  Marine x2  
  119  7:59  Marine  
  119  8:03  Siege Tank  
  114  8:07  Marine  
  114  8:08  SCV x3, Marine  
  114  8:09  Factory  
  119  8:19  Marine x4  
  123  8:22  Marine x3  
  123  8:25  Marine, Terran Vehicle Weapons Level 1  
  127  8:27  Sensor Tower  
  127  8:30  Medivac  
  129  8:35  Marine, Supply Depot x2  
  129  8:36  Marine, Supply Depot  
  129  8:39  Supply Depot  
  131  8:42  Siege Tank  
  131  8:47  Marine x3  
  137  8:52  Bunker  
  137  8:54  SCV x3  
  140  9:00  Factory Tech Lab  
  140  9:02  Barracks x2  
  140  9:03  Barracks  
  139  9:15  Siege Tank  
  139  9:17  SCV x3  
  144  9:19  Marine x8  
  144  9:20  Marauder  
  144  9:23  Siege Tank  
  158  9:26  Planetary Fortress  
  158  9:29  SCV x2  
  160  9:36  Supply Depot  
  160  9:37  Marine x4  
  164  9:39  Medivac x2  
  168  9:50  Marine x4  
  168  9:54  Barracks Tech Lab x2  
  168  9:55  Barracks Tech Lab  
  168  9:57  Refinery  
  168  9:58  Refinery, Siege Tank x2  
  174  10:00  Sensor Tower  
  174  10:03  SCV x3  
  174  10:05  Supply Depot  
  177  10:23  Ghost Academy, Command Center  
  177  10:26  Terran Infantry Weapons Level 3, Terran Infantry Armor Level 3  
  177  10:30  Terran Vehicle Weapons Level 2  
  177  10:32  Marine x3  
  177  10:33  Factory  
  178  10:43  Marine x3  
  178  10:44  Marauder x2  
  178  10:45  Siege Tank  
  177  10:53  SCV x3  
  177  10:55  Command Center  
  180  10:59  Siege Tank, Infernal Pre-Igniter  
  183  11:11  Command Center  
  183  11:23  Ghost x3  
  189  11:29  Ghost  
  191  11:36  Factory Reactor  
  191  11:37  Orbital Command  
  191  11:40  Missile Turret  
  191  11:41  Siege Tank x2  
  191  11:42  Missile Turret  
  191  11:43  Missile Turret  
  191  11:44  Missile Turret  
  191  11:45  Missile Turret  
  197  11:48  Concussive Shells  
  197  11:50  Personal Cloaking  
  197  11:52  Ghost  
  196  12:23  Smart Servos  
  196  12:26  Command Center  
  196  12:30  Ghost x2  
  196  12:33  Armory  
  196  12:35  Command Center  
  200  12:55  Missile Turret  
  200  13:01  Missile Turret  
  200  13:10  Liberator  
  200  13:16  Ghost  
  199  13:25  Liberator  
  194  13:27  Planetary Fortress  
  194  13:32  Siege Tank x2  
  194  13:33  Widow Mine x2  
  197  13:35  Terran Vehicle Weapons Level 3  
  197  13:36  Terran Vehicle And Ship Armor Level 1  
  197  13:39  Ghost  
  197  13:40  Enhanced Shockwaves  
  199  13:47  Refinery  
  199  13:48  Refinery, Missile Turret  
  199  13:53  Ghost x2  
  199  13:58  Missile Turret  
  199  14:00  Orbital Command x2  
  199  14:12  Orbital Command  
  199  14:23  Ghost x2, Factory  
  200  14:27  Factory  
  198  14:47  Medivac  
  198  15:11  Factory Tech Lab  
  198  15:13  Factory Reactor  
  170  15:28  Ghost  
  170  15:29  Ghost x2  
  170  15:32  Siege Tank x2  
  170  15:33  Hellion x2  
  186  15:36  Siege Tank  
  186  15:45  Liberator x2  
  192  15:54  Hellion  
  192  15:55  Hellion, Widow Mine x2  
  200  15:59  Terran Vehicle And Ship Armor Level 2  
  200  16:00  Fusion Core  
  199  16:16  Ghost x3  
  199  16:17  Ghost  
  199  16:18  Marine x6  
  162  16:28  Medivac x2  
  162  16:30  Hellion x2  
  162  16:31  Command Center  
  162  16:32  Command Center  
  162  16:33  Marine x2  
  162  16:37  Marine x2  
  162  16:38  Marine  
  167  16:40  Orbital Command, Siege Tank x2  
  167  16:45  Ghost x4  
  181  16:48  Advanced Ballistics  
  181  16:50  Missile Turret  
  181  16:53  Missile Turret  
  181  17:00  Hellion x2  
  185  17:02  Widow Mine x2  
  187  17:13  Ghost  
  175  17:18  Siege Tank  
  175  17:19  Siege Tank  
  175  17:21  Hellion  
  175  17:22  Siege Tank  
  173  17:27  Hellion x3  
  173  17:29  Liberator x2, Command Center  
  164  17:56  Hellion x4, Siege Tank  
  164  17:57  Siege Tank x2  
  176  18:10  Ghost  
  176  18:12  Liberator x2  
  188  18:27  Hellion x4  
  192  18:51  Hellion  
  193  19:19  Planetary Fortress  
  187  19:25  Thor x3  
  197  19:32  Refinery x2  
  197  19:34  Missile Turret  
  197  19:35  Command Center, Missile Turret, Widow Mine  
  197  19:36  Sensor Tower  
  197  19:37  Missile Turret  
  171  20:11  Ghost x4  
  165  20:20  Hellion  
  167  20:22  Siege Tank x2  
  167  20:23  Hellion x2  
  167  20:24  Hellion  
  179  20:31  Terran Vehicle And Ship Armor Level 3  
  179  20:32  Nuke  
  179  20:40  Ghost x4  
  187  20:45  Hellion x2  
  159  21:12  Siege Tank x2  
  159  21:15  Orbital Command  
  130  21:18  Siege Tank  
  130  21:19  Hellion x4  
  141  21:44  Siege Tank  
  141  21:45  Siege Tank  
  147  21:47  Hellion x3  
  147  21:48  Hellion  
  142  22:10  Liberator x2  
  148  22:18  Orbital Command  
  139  22:37  Ghost  
  139  22:38  Ghost  
  139  22:40  Ghost x2  
  143  22:47  Hellion  
  143  22:48  Hellion  
  140  23:17  Hellion  
Show
View Real Time Build Order
Export as new Build Order

LiquidElazer Zerg 

Build Orders: Hatch First, Lurkers 

Get SALT Encoding   

  12  0:00  Drone  
  13  0:12  Overlord  
  13  0:16  Drone  
  14  0:30  Drone x2  
  16  0:47  Hatchery  
  15  0:51  Drone  
  15  0:54  Drone  
  17  0:57  Drone  
  18  1:08  Extractor  
  17  1:13  Spawning Pool  
  17  1:16  Drone  
  17  1:19  Drone  
  18  1:27  Drone  
  19  1:38  Drone  
  20  1:48  Drone  
  21  1:59  Queen x2  
  21  2:00  Zergling x4  
  27  2:10  Drone  
  27  2:11  Metabolic Boost, Overlord  
  28  2:31  Hatchery  
  28  2:34  Drone x2  
  28  2:35  Drone  
  29  2:42  Queen  
  31  2:49  Overlord  
  31  2:51  Drone  
  32  2:55  Drone x2  
  32  2:57  Drone  
  35  3:04  Overlord  
  35  3:08  Drone x3  
  35  3:09  Drone  
  39  3:15  Queen  
  41  3:21  Queen  
  43  3:29  Drone x2  
  43  3:30  Overlord  
  43  3:31  Zergling x2  
  46  3:38  Drone  
  47  3:43  Drone x5  
  47  3:45  Queen  
  54  3:50  Overlord  
  54  3:52  Zergling x4  
  56  3:57  Zergling x2  
  57  4:06  Drone x5  
  62  4:13  Drone  
  62  4:14  Overlord  
  63  4:17  Drone  
  63  4:18  Queen  
  63  4:20  Drone x3  
  63  4:21  Queen  
  71  4:26  Drone x2  
  71  4:27  Baneling Nest  
  71  4:28  Drone  
  73  4:34  Spore Crawler  
  73  4:35  Spore Crawler  
  73  4:36  Spore Crawler  
  70  4:38  Zergling x6  
  70  4:39  Zergling x2  
  74  4:45  Overlord  
  74  4:47  Zergling x2  
  75  4:55  Drone x6  
  75  4:58  Lair  
  82  5:00  Drone  
  82  5:01  Extractor  
  82  5:02  Extractor  
  82  5:03  Queen  
  82  5:05  Drone x5  
  82  5:06  Drone  
  88  5:08  Drone  
  88  5:09  Drone  
  88  5:10  Extractor  
  88  5:22  Overlord  
  88  5:24  Drone x2  
  90  5:35  Evolution Chamber  
  90  5:36  Overlord x2, Evolution Chamber, Drone  
  90  5:37  Drone  
  90  5:43  Hatchery  
  90  5:45  Drone x9  
  98  5:53  Overlord  
  98  5:57  Overlord  
  98  5:58  Centrifugal Hooks  
  98  5:59  Overseer  
  98  6:01  Zerg Ground Armor Level 1  
  98  6:02  Zerg Melee Weapons Level 1  
  98  6:05  Zergling x6  
  101  6:12  Zergling x2  
  101  6:13  Zergling x18  
  111  6:19  Zergling x4  
  111  6:20  Overseer  
  111  6:23  Overlord  
  113  6:30  Zergling x4  
  115  6:33  Burrow, Pneumatized Carapace  
  115  6:34  Drone  
  115  6:39  Hatchery  
  115  6:40  Baneling  
  115  6:41  Baneling x6  
  115  6:42  Baneling  
  114  6:47  Drone x9  
  123  6:56  Zergling x6  
  124  7:14  Zergling x20  
  119  7:19  Zergling x6  
  118  7:24  Zergling x2  
  118  7:26  Baneling x15  
  119  7:34  Zergling x12  
  125  7:46  Zergling x12  
  131  7:51  Zergling x2  
  131  7:52  Zergling x8  
  136  7:59  Overlord x3  
  136  8:01  Zerg Ground Armor Level 2, Zerg Melee Weapons Level 2  
  136  8:08  Zergling x2  
  136  8:09  Zergling x10  
  136  8:12  Overlord x2  
  142  8:15  Extractor  
  142  8:16  Hatchery  
  142  8:18  Zergling x20  
  146  8:24  Overlord  
  146  8:27  Drone x3  
  146  8:30  Drone x2  
  146  8:33  Zergling x4  
  146  8:34  Zergling x14  
  158  8:40  Drone x6  
  164  8:44  Infestation Pit  
  164  8:45  Drone x2  
  164  8:47  Hydralisk Den  
  164  8:51  Baneling x13  
  164  8:52  Baneling x2  
  164  8:53  Drone x4  
  168  9:02  Extractor  
  164  9:03  Drone x4, Extractor  
  164  9:04  Spore Crawler, Drone x3  
  169  9:11  Overlord  
  169  9:13  Drone  
  169  9:14  Drone x3, Extractor  
  169  9:16  Drone x7, Extractor x2  
  177  9:18  Spore Crawler  
  176  9:24  Hive  
  176  9:25  Drone  
  176  9:26  Grooved Spines  
  176  9:27  Lurker Den  
  176  9:30  Drone x4  
  176  9:31  Drone  
  181  9:33  Spine Crawler x2  
  181  9:35  Spore Crawler, Spine Crawler x2  
  181  9:36  Spine Crawler  
  181  9:37  Spine Crawler  
  174  9:40  Drone x6  
  174  9:44  Hydralisk  
  174  9:45  Hydralisk x8  
  197  9:46  Baneling x2  
  193  10:06  Drone  
  194  10:07  Drone  
  194  10:08  Drone  
  194  10:09  Queen x2  
  194  10:13  Spore Crawler  
  195  10:14  Spine Crawler, Hatchery  
  195  10:16  Hydralisk x3  
  199  10:29  Spore Crawler  
  199  10:30  Zerg Missile Weapons Level 1  
  199  10:31  Spore Crawler, Spine Crawler  
  199  10:32  Spine Crawler  
  178  10:51  Seismic Spines  
  178  10:52  Adrenal Glands, Muscular Augments  
  178  10:53  Zerg Ground Armor Level 3  
  178  10:55  Viper x3  
  188  11:04  Lurker  
  188  11:05  Lurker x3  
  191  11:15  Hydralisk x4  
  191  11:17  Zergling x2  
  200  11:33  Overseer x5  
  200  11:41  Queen  
  200  11:48  Adaptive Talons  
  200  12:00  Extractor  
  200  12:01  Extractor  
  198  12:03  Drone x2  
  198  12:04  Spine Crawler x3  
  197  12:15  Lurker x3  
  199  12:32  Hatchery  
  197  12:43  Zerg Missile Weapons Level 2  
  196  12:44  Hatchery  
  196  12:47  Lurker  
  196  12:48  Lurker x3  
  192  13:30  Zerg Melee Weapons Level 3  
  192  13:31  Overlord  
  192  13:32  Overlord x2  
  192  13:34  Hatchery  
  190  13:53  Viper x3  
  181  14:02  Hydralisk x6  
  187  14:07  Hydralisk x6  
  199  14:18  Hatchery  
  199  14:20  Unknown  
  196  14:29  Lurker  
  196  14:30  Lurker x3  
  192  14:39  Lurker x7  
  192  14:41  Zergling x6  
  159  15:21  Zergling x6  
  159  15:22  Zergling x84  
  172  15:29  Hydralisk x12  
  172  15:31  Overlord x2  
  172  15:33  Zergling x8  
  172  15:35  Overlord x2  
  182  15:50  Baneling x6  
  182  15:51  Baneling x43  
  182  15:52  Zergling x34  
  158  16:20  Hydralisk x5  
  149  16:28  Zergling x2  
  149  16:29  Zergling x72  
  149  16:31  Baneling x24  
  186  16:42  Lurker  
  186  16:43  Hydralisk x4, Lurker x4  
  199  16:47  Extractor  
  198  16:56  Overseer x2  
  160  17:20  Hydralisk x6  
  160  17:22  Zergling x12  
  161  17:23  Zergling x52  
  161  17:29  Drone  
  188  17:32  Lurker  
  189  17:42  Zergling x20  
  189  17:43  Zergling x2  
  200  17:45  Overlord x2  
  163  17:59  Zergling x20  
  163  18:00  Zergling x22  
  184  18:14  Spore Crawler x2  
  184  18:15  Spore Crawler, Baneling x10  
  184  18:16  Baneling x8, Zergling x4  
  182  18:21  Baneling x10  
  182  18:23  Zergling x34  
  182  18:25  Overseer  
  199  18:27  Overseer x2  
  169  19:05  Viper x3  
  170  19:11  Lurker x3  
  170  19:12  Zergling x2, Lurker x2  
  170  19:13  Zergling x48  
  170  19:15  Zerg Missile Weapons Level 3  
  199  19:33  Hatchery  
  198  19:39  Hatchery  
  198  19:41  Hatchery  
  196  19:52  Overseer  
  196  19:54  Hydralisk  
  145  20:13  Hydralisk x5  
  145  20:14  Zergling x66  
  146  20:16  Zergling x6  
  170  20:25  Lurker x2  
  170  20:26  Lurker x4  
  170  20:28  Hydralisk x7  
  176  20:34  Baneling x7  
  176  20:35  Baneling x11  
  190  20:36  Baneling x4  
  190  20:42  Hydralisk x5  
  190  20:44  Baneling x16  
  145  21:11  Zergling x36  
  145  21:12  Zergling x28  
  140  21:32  Drone  
  141  21:33  Drone x9  
  141  21:39  Lurker x4  
  154  21:40  Hydralisk x4  
  160  21:50  Hydralisk x3  
  161  21:57  Baneling x13  
  160  22:03  Hydralisk x3  
  164  22:19  Hatchery  
  149  22:23  Lurker x5  
  149  22:24  Lurker  
  138  22:30  Hydralisk  
  138  22:31  Hydralisk x7  
  138  22:35  Overseer x2  
  139  22:38  Zergling x12  
  139  22:42  Zergling x6  
  135  23:10  Hydralisk x10  
Tags
 
Add a new tag
Caveats
  • Supply blocks, unpowered buildings, or Contaminate may cause inaccurate times.
  • Supply counts are checked every 10 seconds.